 Dungeon Crawl Stone Soup version 0.31-a0-1612-g4aaf141004 (webtiles) character file.

Game seed: 6442966743626905678

2877 LeprechaunX the Changeling (level 9, -18/54 HPs)
             Began as an Octopode Shapeshifter on Jan 9, 2024.
             Was a Follower of Hepliaklqana.
             Shot with an arrow by a centaur (22 damage)
             ... on level 7 of the Dungeon.
             The game lasted 00:10:28 (5931 turns).

LeprechaunX the Changeling (Octopode Shapeshifter)  Turns: 5931, Time: 00:10:29

Health: -18/54     AC:  1    Str: 16    XL:     9   Next: 76%
Magic:  0/15       EV:  2    Int: 12    God:    Hepliaklqana [*.....]
Gold:   374        SH:  0    Dex: -2 (19) Spells: 13/16 levels left

rFire   . . .        u - +3 dagger (protect)
rCold   . . .        (no shield)
rNeg    . . .        (helmet currently unavailable)
rPois   .            m - amulet of guardian spirit
rElec   .            l - ring of wizardry
rCorr   +            z - ring of flight
SInv    .            D - ring of resist corrosion
Will    .....        H - +6 ring of dexterity Stlth
                     (no ring)
HPRegen 0.29/turn    (no ring)
MPRegen 0.14/turn    (no ring)
                     (no ring)

%: guardian spirit, wizardry (x1)
@: beast-form, flying, slowed, lost dexterity, very slow
A: beast (slay +4), reduced essence, almost no armour, amphibious, 8 rings,
camouflage 1, gelatinous body 1, (nimble swimmer 1), tentacles
a: Begin Untransformation, Renounce Religion, Recall Ancestor, Ancestor Identity


You were on level 7 of the Dungeon.
You worshipped Hepliaklqana.
Hepliaklqana was aware of your devotion.
You were a hulking beast.
You visited 2 branches of the dungeon, and saw 8 of its levels.

You collected 374 gold pieces.

Inventory:

Hand Weapons
 a - a +0 sling
 u - a +3 dagger of protection (weapon)
Missiles
 y - 3 curare-tipped darts (quivered)
Jewellery
 e - an amulet of faith
 l - a ring of wizardry (left tentacle)
 m - an amulet of guardian spirit (around mantle)
 s - a ring of ice
 z - a ring of flight (right tentacle)
 D - a ring of resist corrosion (on tentacle)
 H - a +6 ring of dexterity (on tentacle)
Talismans
 b - a beast talisman
 c - a flux talisman
 t - a maw talisman
 E - a blade talisman
Wands
 B - a wand of flame (9)
 F - a wand of acid (8)
Scrolls
 d - 8 scrolls of identify {unknown}
 f - 3 scrolls of enchant armour {unknown}
 g - 2 scrolls of vulnerability {unknown}
 i - a scroll of summoning {unknown}
 k - a scroll of revelation {unknown}
 n - 2 scrolls of teleportation {unknown}
 r - a scroll of fog {unknown}
 v - 2 scrolls of amnesia {unknown}
 C - a scroll of noise {unknown}
Potions
 h - a potion of lignification
 j - a potion of magic {unknown}
 o - 2 potions of ambrosia {unknown}
 p - 4 potions of enlightenment {unknown}
 q - a potion of brilliance {unknown}
 w - 2 potions of might {unknown}
 x - a potion of degeneration {unknown}
 A - a potion of mutation {unknown}
 G - a potion of curing {unknown}


   Skills:
 + Level 5.2 Fighting
 - Level 2.0 Dodging
 - Level 6.0 Unarmed Combat
 + Level 4.0 Spellcasting
 + Level 4.2 Ice Magic
 + Level 3.3 Invocations
 + Level 3.3 Evocations
 * Level 7.4 Shapeshifting


You had 13 spell levels left.
You knew the following spells:

 Your Spells              Type           Power      Damage    Failure   Level
a - Ozocubu's Armour      Ice            12%        N/A       4%          3

Your spell library contained the following spells:

 Spells                   Type           Power      Damage    Failure   Level
 Necrotise                Necr           8%         1d4       9%          1
 Slow                     Hex            8%         N/A       9%          1
 Lesser Beckoning         Tloc           4%         N/A       13%         2
 Call Canine Familiar     Summ           2%         N/A       26%         3
 Confusing Touch          Hex            2%         N/A       26%         3
 Gell's Gravitas          Tloc           2%         N/A       26%         3
 Sigil of Binding         Hex            2%         N/A       26%         3
 Teleport Other           Tloc           2%         N/A       26%         3
 Vampiric Draining        Necr           2%         2d6       26%         3
 Dimensional Bullseye     Hex/Tloc       1%         N/A       61%         4
 Martyr's Knell           Necr/Summ      2%         N/A       61%         4
 Metabolic Englaciation   Hex/Ice        3%         N/A       67%         5
 Curse of Agony           Necr           2%         N/A       91%         5
 Sculpt Simulacrum        Ice/Alch       3%         N/A       99%         6


Dungeon Overview and Level Annotations

Branches:
Dungeon (7/15)             Temple (1/1) D:4

Altars:
Ashenzari
Elyvilon
Gozag
Hepliaklqana
Makhleb
Nemelex Xobeh
Okawaru
Sif Muna
Uskayaw
Vehumet
Wu Jian
Xom
Yredelemnul
Zin

Annotations:
D:2 1 runed translucent door, Crazy Yiuf


Innate Abilities, Weirdness & Mutations

You are a hulking beast.
Your limbs bulge with bestial killing power. (Slay +4)
Your life essence is reduced to manifest your ancestor. (-10% HP)
You cannot wear most types of armour.
You are amphibious.
You can wear up to eight rings at the same time.
Your skin changes colour to match your surroundings (Stealth+).
Your rubbery body absorbs attacks. (AC +1, EV +1)
((You are camouflaged when in or above water. (Stealth+)))
You have tentacles for arms and can constrict up to eight enemies at once.


Message History

A stone appears from out of your range of vision.
The stone closely misses Imgur-Sin.
A stone appears from out of your range of vision.
The stone hits Imgur-Sin.
You swap places.
A gnoll comes into view. It is wielding a +0 club.
There is a stone staircase leading up here.
Found a stone staircase leading up.
The gnoll hits you with a +0 club. The gnoll hits you with a +0 club.
The gnoll hits you but does no damage.
You see here a +0 war axe.
You hit the gnoll.
Your weapon exudes an aura of protection.
Your grab misses the gnoll.
The gnoll is moderately wounded.
Imgur-Sin completely misses the gnoll.
The gnoll barely misses you.
Imgur-Sin hits the gnoll but does no damage.
You barely miss the gnoll. You grab the gnoll.
The gnoll is moderately wounded.
You constrict the gnoll. The gnoll hits you but does no damage.
Imgur-Sin hits the gnoll!
The gnoll dies!
Things that are here:
a +0 club; 8 stones; a gnoll corpse Magic restored.
HP restored.
Found 4 stones.
A centaur comes into view.
The centaur wields a +1 heavy orcbow.
The centaur shoots an arrow.
The arrow hits you!
A centaur is nearby!
The centaur shoots an arrow.
The arrow hits you!
The centaur shoots an arrow.
The arrow hits you!!
The centaur shoots an arrow.
The arrow barely misses Imgur-Sin.
The arrow hits you!!
* * * LOW HITPOINT WARNING * * *
Imgur-Sin hits the centaur.
The centaur shoots an arrow.
The arrow hits Imgur-Sin!!
The centaur shoots an arrow.
The arrow barely misses Imgur-Sin.
The arrow hits you!!
You die...

#.#.# #>#)####
#..).<.#
###.##.#
#.######.##.#
#........##.#
#.######.##.#
..## #.##.#
#.###h##.#
#.R......#
##.###c###.####
.c...c......#
#############


You could see the friendly Imgur-Sin the ancestor and a centaur.

Vanquished Creatures
  The ghost of Azoth the Insei, a novice DsSh (D:6)
  Sigmund (D:6)
  2 water moccasins
  Duvessa (D:5)
  An ice beast (D:6)
  3 ogres
  2 black bears (D:4)
  A centaur (D:6)
  2 phantoms (D:5)
  3 kobold brigands
  2 bullfrogs (D:6)
  A scorpion (D:6)
  Dowan (D:5)
  5 bombardier beetles
  2 quasits (D:6)
  4 orc priests (D:5)
  A gnoll bouda (D:5)
  A hound (D:5)
  2 iguanas (D:5)
  5 orc wizards
  5 gnolls
  6 adders
  A shadow imp (D:5)
  2 ufetubi (D:6)
  A dart slug (D:2)
  7 orcs
  9 bats
  8 endoplasms
  5 giant cockroaches
  7 goblins
  12 hobgoblins
  3 jackals (D:3)
  19 kobolds
  A quokka (D:1)
  7 ball pythons
  2 frilled lizards
  5 rats
141 creatures vanquished.

Vanquished Creatures (collateral kills)
  2 quasits (D:6)
  An iguana (D:6)
  A gnoll (D:7)
  A shadow imp (D:6)
  2 kobolds (D:6)
7 creatures vanquished.

Grand Total: 148 creatures vanquished

Notes
Turn   | Place    | Note
-------+----------+-------------------------------------------
     0 | D:1      | LeprechaunX the Octopode Shapeshifter began the quest for
                  | the Orb.
     0 | D:1      | Reached XP level 1. HP: 13/13 MP: 1/1
   166 | D:1      | Reached XP level 2. HP: 18/18 MP: 2/2
   443 | D:1      | Reached XP level 3. HP: 16/23 MP: 3/3
   977 | D:2      | Reached XP level 4. HP: 27/29 MP: 4/4
  1302 | D:2      | Reached skill level 4 in Shapeshifting
  1524 | D:2      | Learned a level 3 spell: Ozocubu's Armour
  1665 | D:2      | Found a runed translucent door.
  1666 | D:2      | Noticed Crazy Yiuf
  2042 | D:3      | Reached XP level 5. HP: 21/35 MP: 2/5
  2694 | D:4      | Noticed a black bear
  2701 | D:4      | Killed a black bear
  2702 | D:4      | Reached skill level 1 in Ice Magic
  2702 | D:4      | Reached XP level 6. HP: 32/41 MP: 4/7
  2737 | D:4      | Found a hide-covered altar of Uskayaw.
  2948 | D:4      | Reached skill level 1 in Spellcasting
  3089 | D:4      | Reached skill level 5 in Shapeshifting
  3089 | D:4      | Reached XP level 7. HP: 33/46 MP: 7/9
  3552 | D:4      | Found a staircase to the Ecumenical Temple.
  3563 | Temple   | Entered the Ecumenical Temple
  3576 | Temple   | Became a worshipper of Hepliaklqana the Forgotten
  3731 | D:5      | Entered Level 5 of the Dungeon
  3841 | D:5      | Noticed Duvessa
  3842 | D:5      | Noticed Dowan
  3853 | D:5      | Killed Duvessa
  3854 | D:5      | Reached XP level 8. HP: 50/54 MP: 9/11
  3857 | D:5      | Killed Dowan
  3903 | D:5      | Reached skill level 5 in Unarmed Combat
  3917 | D:5      | Reached skill level 6 in Shapeshifting
  3966 | D:5      | Reached skill level 1 in Invocations
  3966 | D:5      | Reached skill level 1 in Evocations
  4162 | D:5      | Found an iron altar of Okawaru.
  4635 | D:6      | Reached XP level 9. HP: 52/59 MP: 11/13
  4682 | D:6      | Found a transporter.
  4684 | D:6      | Reached * piety under Hepliaklqana
  4708 | D:6      | Found a transporter.
  5049 | D:6      | Noticed Sigmund
  5104 | D:6      | Killed Sigmund
  5105 | D:6      | Reached skill level 7 in Shapeshifting
  5252 | D:6      | Noticed Azoth's ghost (novice DsSh)
  5340 | D:6      | Found a glowing silver altar of Zin.
  5356 | D:6      | Reached skill level 5 in Fighting
  5595 | D:6      | Lost dexterity.
  5606 | D:6      | Killed Azoth's ghost
  5931 | D:7      | Shot with an arrow by a centaur

Illustrated notes

Levels and vault maps discovered:
D:1:      matt_arrival_los_fun, layout_rooms,
          nicolae_concentric_dashed_squares_mild
D:2:      minmay_wonky_spiral, layout_loops_corners, minmay_vboxes,
          uniq_crazy_yiuf_cottage
D:3:      layout_basic, kennysheep_small_spiral
D:4:      cheibrodos_thug_alley, layout_basic, mainiacjoe_overflow_boulevard,
          minmay_temple_entry_stoned_glass
D:5:      layout_basic, kennysheep_okawaru_gauntlet, uniq_duvessa
D:6:      layout_loops_ring, lemuel_crystal_altar, gammafunk_ghost_stat_death,
          minmay_misc_feat_doors, hex_medium, uniq_sigmund
D:7:      layout_loops_ring, kennysheep_mini
Temple:   chequers_temple_sunken

Skill      XL: |  1  2  3  4  5  6  7  8  9 |
---------------+----------------------------+-----
Fighting       | 2 3 4 5 |  5.2
Shapeshifting  | 4 5 6 7 |  7.4
Unarmed Combat | 4 5 6 |  6.0
Ice Magic      | 1 2 3 4 |  4.2
Spellcasting   | 1 2 3 4 |  4.0
Invocations    | 2 3 |  3.3
Evocations     | 2 3 |  3.3
Dodging        | |  2.0

Action                     |  1- 3 |  4- 6 |  7- 9 || total
---------------------------+-------+-------+-------++-------
  Melee: Unarmed           |    87 |    49 |       ||   136
         Constrict         |    19 |    17 |    43 ||    79
         Tentacles         |     9 |    16 |    45 ||    70
         Punch             |     3 |     2 |    13 ||    18
         Dagger            |       |    30 |   213 ||   243
 Invoke: Recall Ancestor   |       |       |     1 ||     1
  Evoke: Wand              |       |       |     3 ||     3
    Use: Potion            |       |     2 |     2 ||     4
   Stab: Sleeping          |     4 |     5 |     8 ||    17
         Distracted        |       |       |     1 ||     1
 Armour: Skin              |    41 |    42 |   657 ||   740
  Dodge: Dodged            |    66 |    44 |   165 ||   275

Table legend: (Time is in decaauts)
 A = Elapsed time spent in this place.
 B = Non-inter-level travel time spent in this place.
 C = Inter-level travel time spent in this place.
 D = Time resting spent in this place.
 E = Time spent auto-exploring this place.
 F = Levels seen in this place.
 G = Mean time per level.
                   A        B        C        D        E       F      G
               +--------+--------+--------+--------+--------+-----+--------+
         Total |   6083 |   5630 |    453 |    324 |   4269 |   8 |  760.4 |
       Dungeon |   6060 |   5610 |    450 |    324 |   4269 |   7 |  865.7 |
        Temple |     23 |     20 |      3 |      0 |      0 |   1 |   23.0 |
               +--------+--------+--------+--------+--------+-----+--------+

Top non-repeatable levels by time:
     D:6: 1379 daAuts
     D:2: 1067 daAuts
     D:4: 1043 daAuts
     D:3: 911 daAuts
     D:5: 868 daAuts
     D:1: 675 daAuts
     D:7: 114 daAuts
  Temple: 23 daAuts
